PBL
YORK REVOLUTION @ SOUTHERN MARYLAND BLUE CRABS
10/24/2046
 
TOP OF THE 1ST
Florida State University Seminoles batting - Pitching for University of Maine Black Bears : RHP Michael Bruce
Pitching: RHP Michael Bruce
Batting: SHB Salvador Aragon 0-0: Swinging Strike
0-1: Ball
1-1: Ball
2-1: Called Strike
2-2: Ball
3-2: Strikes out swinging
Batting: SHB Eric Evans 0-0: Called Strike
0-1: Swinging Strike
0-2: Ball
1-2: Foul Ball, location: 2F
1-2: Ball
2-2: Fly out, F6 (Popup, 6M, EV 53.8 MPH)
Batting: LHB Alberto Chavez 0-0: Foul Ball, location: 2F
0-1: Ball
1-1: Foul Ball, location: 2F
1-2: Ball
2-2: Ball
3-2: Fly out, F6 (Popup, 4M, EV 50.6 MPH)
Top of the 1st over - 0 runs, 0 hits, 0 errors, 0 left on base; Florida State University 0 - University of Maine 0
BOTTOM OF THE 1ST
University of Maine Black Bears batting - Pitching for Florida State University Seminoles : RHP Tom Aagaard
Pitching: RHP Tom Aagaard
Batting: RHB Clay Statum 0-0: Foul Ball, location: 2F
0-1: Ball
1-1: Ball
2-1: Ball
3-1: Foul Ball, location: 2F
3-2: Strikes out looking
Batting: RHB John Stevenson 0-0: Ball
1-0: Called Strike
1-1: Ball
2-1: DOUBLE (Line Drive, 89D, EV 111.3 MPH)
Batting: LHB Jay Fenderson 0-0: Swinging Strike
0-1: Ball
1-1: Called Strike
1-2: Ball
2-2: Ground out U3 (Groundball, 3, EV 82.5 MPH)
John Stevenson to third
Batting: LHB Chris Cabrera 0-0: Swinging Strike
0-1: Swinging Strike
0-2: Foul Ball, location: 2F
0-2: Strikes out swinging
Bottom of the 1st over - 0 runs, 1 hit, 0 errors, 1 left on base; Florida State University 0 - University of Maine 0
TOP OF THE 2ND
Florida State University Seminoles batting - Pitching for University of Maine Black Bears : RHP Michael Bruce
Batting: LHB John Shults 0-0: Called Strike
0-1: Ball
1-1: Ball
2-1: Foul Ball, location: 2F
2-2: Foul Ball, location: 2F
2-2: Strikes out looking
Batting: RHB Joel Miller 0-0: Ball
1-0: Ground out 5-3 (Groundball, 56S, EV 67.5 MPH)
Batting: RHB Brady Jeleniewski 0-0: Ball
1-0: Ball
2-0: Called Strike
2-1: Swinging Strike
2-2: Ball
3-2: Foul Ball, location: 2F
3-2: Foul Ball, location: 2F
3-2: Base on Balls
Batting: RHB John Gibbs 0-0: Ball
1-0: Called Strike
1-1: Swinging Strike
1-2: Ball
Brady Jeleniewski is caught stealing 2nd base 2-4
Top of the 2nd over - 0 runs, 0 hits, 0 errors, 0 left on base; Florida State University 0 - University of Maine 0
BOTTOM OF THE 2ND
University of Maine Black Bears batting - Pitching for Florida State University Seminoles : RHP Tom Aagaard
Batting: RHB Mike Strey 0-0: Called Strike
0-1: Foul Ball, location: 2F
0-2: Strikes out swinging
Batting: RHB Jesus Carrillo 0-0: Ball
1-0: Fly out, F7 (Flyball, 7, EV 85.0 MPH)
Batting: SHB Seung-ho Zhang 0-0: Ball
1-0: SOLO HOME RUN (Flyball, 9D, EV 106.9 MPH), Distance : 386 ft
Batting: RHB Adam Bourg 0-0: Called Strike
0-1: DOUBLE (Line Drive, 9LD, EV 112.5 MPH)
Batting: RHB Michael Bruce 0-0: Foul Ball, location: 2F
0-1: 2-RUN HOME RUN (Flyball, 7LD, EV 98.8 MPH), Distance : 355 ft
Batting: RHB Clay Statum 0-0: SINGLE (Groundball, 34, EV 101.3 MPH)
Batting: RHB John Stevenson 0-0: Called Strike
0-1: Fly out, F8 (Flyball, 8RD, EV 103.1 MPH)
Bottom of the 2nd over - 3 runs, 4 hits, 0 errors, 1 left on base; Florida State University 0 - University of Maine 3
TOP OF THE 3RD
Florida State University Seminoles batting - Pitching for University of Maine Black Bears : RHP Michael Bruce
Batting: RHB John Gibbs 0-0: Ball
1-0: Called Strike
1-1: Ball
2-1: Foul Ball, location: 2F
2-2: Foul Ball, location: 2F
2-2: SINGLE (Line Drive, 7S, EV 104.4 MPH)
Batting: RHB Josh Truell 0-0: Called Strike
0-1: Swinging Strike
0-2: Ball
1-2: Strikes out swinging
Batting: RHB Tom Aagaard 0-0: Sac Bunt to 3S - play at first, batter OUT! 3-4
John Gibbs to second
Batting: SHB Salvador Aragon 0-0: Ball
1-0: Ball
2-0: Ball
3-0: Called Strike
3-1: Fly out, F7 (Flyball, 7LS, EV 82.5 MPH)
Top of the 3rd over - 0 runs, 1 hit, 0 errors, 1 left on base; Florida State University 0 - University of Maine 3
BOTTOM OF THE 3RD
University of Maine Black Bears batting - Pitching for Florida State University Seminoles : RHP Tom Aagaard
Batting: LHB Jay Fenderson 0-0: TRIPLE (Line Drive, 89XD, EV 100.0 MPH)
Batting: LHB Chris Cabrera 0-0: Ball
1-0: Ball
2-0: Called Strike
2-1: Ground out 6-3 (Groundball, 6, EV 86.3 MPH)
Jay Fenderson scores
Batting: RHB Mike Strey 0-0: Reached on error, E5 (Groundball, 56S, EV 78.8 MPH)
Batting: RHB Jesus Carrillo 0-0: Foul Ball, location: 2F
0-1: Ball
1-1: Swinging Strike
1-2: Strikes out looking
Batting: SHB Seung-ho Zhang 0-0: Called Strike
0-1: Called Strike
0-2: Foul Ball, location: 2F
0-2: Fly out, F8 (Flyball, 8RD, EV 92.5 MPH)
Bottom of the 3rd over - 1 run, 1 hit, 1 error, 1 left on base; Florida State University 0 - University of Maine 4
TOP OF THE 4TH
Florida State University Seminoles batting - Pitching for University of Maine Black Bears : RHP Michael Bruce
Batting: SHB Eric Evans 0-0: Ground out 3-1 (Groundball, 34S, EV 90.0 MPH)
Batting: LHB Alberto Chavez 0-0: Called Strike
0-1: Ball
1-1: Foul Ball, location: 2F
1-2: Ball
2-2: Foul Ball, location: 2F
2-2: Foul Ball, location: 2F
2-2: Foul Ball, location: 2F
2-2: Ground out 4-3 (Groundball, 4, EV 86.3 MPH)
Batting: LHB John Shults 0-0: Called Strike
0-1: Called Strike
0-2: Strikes out swinging, 2-3 out at first.
Top of the 4th over - 0 runs, 0 hits, 0 errors, 0 left on base; Florida State University 0 - University of Maine 4
BOTTOM OF THE 4TH
University of Maine Black Bears batting - Pitching for Florida State University Seminoles : RHP Tom Aagaard
Batting: RHB Adam Bourg 0-0: Ground out U3 (Groundball, 3, EV 109.4 MPH)
Batting: RHB Michael Bruce 0-0: Called Strike
0-1: Called Strike
0-2: Ball
1-2: Strikes out swinging
Batting: RHB Clay Statum 0-0: Ball
1-0: Swinging Strike
1-1: Ball
2-1: Ball
3-1: Called Strike
3-2: Strikes out looking
Bottom of the 4th over - 0 runs, 0 hits, 0 errors, 0 left on base; Florida State University 0 - University of Maine 4
TOP OF THE 5TH
Florida State University Seminoles batting - Pitching for University of Maine Black Bears : RHP Michael Bruce
Batting: RHB Joel Miller 0-0: Ball
1-0: Ball
2-0: Fly out, F8 (Flyball, 8LXD, EV 98.1 MPH)
Batting: RHB Brady Jeleniewski 0-0: Called Strike
0-1: Foul Ball, location: 2F
0-2: Strikes out swinging
Batting: RHB John Gibbs 0-0: Fly out, F9 (Flyball, 9S, EV 95.0 MPH)
Top of the 5th over - 0 runs, 0 hits, 0 errors, 0 left on base; Florida State University 0 - University of Maine 4
BOTTOM OF THE 5TH
University of Maine Black Bears batting - Pitching for Florida State University Seminoles : RHP Tom Aagaard
Batting: RHB John Stevenson 0-0: Ball
1-0: Ball
2-0: Ball
3-0: Called Strike
3-1: Foul Ball, location: 2F
3-2: Strikes out looking
Batting: LHB Jay Fenderson 0-0: Called Strike
0-1: Swinging Strike
0-2: Ball
1-2: Strikes out swinging
Batting: LHB Chris Cabrera 0-0: Ground out 1-3 (Groundball, 34S, EV 71.3 MPH)
Bottom of the 5th over - 0 runs, 0 hits, 0 errors, 0 left on base; Florida State University 0 - University of Maine 4
TOP OF THE 6TH
Florida State University Seminoles batting - Pitching for University of Maine Black Bears : RHP Michael Bruce
Batting: RHB Josh Truell 0-0: Ball
1-0: Foul Ball, location: 2F
1-1: Foul Ball, location: 2F
1-2: SINGLE (Groundball, P, EV 86.9 MPH) (infield hit)
Pitching: RHP Chris Bonham
Pinch Hitting: LHB Wayne Paddock 0-0: Called Strike
0-1: Ball
1-1: Foul Ball, location: 2F
1-2: Strikes out swinging
Batting: SHB Salvador Aragon 0-0: Ball
1-0: Swinging Strike
1-1: Ball
2-1: Ball
3-1: Fielders Choice at 2nd, 3-6 (Groundball, 34S, EV 88.1 MPH)
Batting: SHB Eric Evans 0-0: Called Strike
0-1: Ball
1-1: Swinging Strike
1-2: Strikes out swinging
Top of the 6th over - 0 runs, 1 hit, 0 errors, 1 left on base; Florida State University 0 - University of Maine 4
BOTTOM OF THE 6TH
University of Maine Black Bears batting - Pitching for Florida State University Seminoles : RHP Tom Aagaard
Pitching: RHP Dumadi Kawilarang
Batting: RHB Mike Strey 0-0: Called Strike
0-1: Ball
1-1: Swinging Strike
1-2: Ball
2-2: Ball
3-2: Foul Ball, location: 2F
3-2: Foul Ball, location: 2F
3-2: Foul Ball, location: 2F
3-2: DOUBLE (Line Drive, 89M, EV 105.0 MPH)
Batting: RHB Jesus Carrillo 0-0: Called Strike
0-1: DOUBLE (Line Drive, 89XD, EV 109.4 MPH)
Mike Strey scores
Batting: SHB Seung-ho Zhang 0-0: Called Strike
0-1: Ball
1-1: Foul Ball, location: 2F
1-2: Ball
2-2: Strikes out swinging
Batting: RHB Adam Bourg 0-0: Called Strike
0-1: Ball
1-1: SINGLE (Line Drive, 34, EV 103.1 MPH)
Jesus Carrillo to third
Pinch Hitting: RHB Robby Godwin 0-0: Called Strike
0-1: Ball
1-1: Ball
2-1: Foul Ball, location: 2F
2-2: Fly out, F8 (Flyball, 89D, EV 86.9 MPH)
Runner from 3rd tags up, SCORES, throw by CF
Batting: RHB Clay Statum 0-0: Ball
1-0: Ball
2-0: Called Strike
2-1: Swinging Strike
2-2: Foul Ball, location: 2F
2-2: Ball
3-2: Foul Ball, location: 2F
3-2: TRIPLE (Flyball, 89XD, EV 108.1 MPH)
Adam Bourg scores
Batting: RHB John Stevenson 0-0: Ball
1-0: Ground out 6-3 (Groundball, 6S, EV 76.9 MPH)
Bottom of the 6th over - 3 runs, 4 hits, 0 errors, 1 left on base; Florida State University 0 - University of Maine 7
TOP OF THE 7TH
Florida State University Seminoles batting - Pitching for University of Maine Black Bears : RHP Chris Bonham
Pitching: LHP Jose Urena
Batting: LHB Alberto Chavez 0-0: Ball
1-0: Swinging Strike
1-1: Foul Ball, location: 2F
1-2: Ground out U3 (Groundball, 3, EV 88.1 MPH)
Batting: LHB John Shults 0-0: Called Strike
0-1: SINGLE (Flyball, 9LS, EV 97.5 MPH)
Batting: RHB Joel Miller 0-0: Ball
1-0: Foul Ball, location: 2F
1-1: Called Strike
1-2: SINGLE (Line Drive, 89S, EV 91.9 MPH)
John Shults to second
Batting: RHB Brady Jeleniewski 0-0: Swinging Strike
0-1: Ball
1-1: Foul Ball, location: 2F
1-2: Hit by Pitch
John Shults to third
Joel Miller to second
Batting: RHB John Gibbs 0-0: Fly out, F8 (Flyball, 8LD, EV 95.0 MPH)
Runner from 3rd tags up, SCORES, throw by CF
Joel Miller to third
Batting: RHB Josh Truell 0-0: Ball
1-0: Fielders Choice at 2nd, 6-4 (Groundball, 6, EV 86.3 MPH)
Top of the 7th over - 1 run, 2 hits, 0 errors, 2 left on base; Florida State University 1 - University of Maine 7
BOTTOM OF THE 7TH
University of Maine Black Bears batting - Pitching for Florida State University Seminoles : RHP Dumadi Kawilarang
Batting: LHB Jay Fenderson 0-0: Fly out, F6 (Line Drive, 6, EV 62.5 MPH)
Batting: LHB Chris Cabrera 0-0: Called Strike
0-1: Foul Ball, location: 2F
0-2: Ball
1-2: Fly out, F9 (Flyball, 89S, EV 86.3 MPH)
Batting: RHB Mike Strey 0-0: Called Strike
0-1: Ball
1-1: Ball
2-1: Fly out, F9 (Flyball, 9LD, EV 91.3 MPH)
Bottom of the 7th over - 0 runs, 0 hits, 0 errors, 0 left on base; Florida State University 1 - University of Maine 7
TOP OF THE 8TH
Florida State University Seminoles batting - Pitching for University of Maine Black Bears : LHP Jose Urena
Pinch Hitting: RHB Justin Usner 0-0: Called Strike
0-1: Foul Ball, location: 2F
0-2: Foul Ball, location: 2F
0-2: Ball
1-2: Fly out, F2 (Popup, 23F, EV 81.9 MPH)
Batting: SHB Salvador Aragon 0-0: Called Strike
0-1: Ground out 6-3 (Groundball, 6, EV 80.6 MPH)
Batting: SHB Eric Evans 0-0: Ball
1-0: Fly out, F3 (Line Drive, 3, EV 67.5 MPH)
Top of the 8th over - 0 runs, 0 hits, 0 errors, 0 left on base; Florida State University 1 - University of Maine 7
BOTTOM OF THE 8TH
University of Maine Black Bears batting - Pitching for Florida State University Seminoles : RHP Dumadi Kawilarang
Pitching: RHP Jon Bell
Batting: RHB Jesus Carrillo 0-0: Swinging Strike
0-1: Swinging Strike
0-2: Strikes out swinging
Batting: SHB Seung-ho Zhang 0-0: Called Strike
0-1: Called Strike
0-2: Ball
1-2: Foul Ball, location: 2F
1-2: Strikes out looking
Batting: RHB Adam Bourg 0-0: Foul Ball, location: 2F
0-1: Ball
1-1: Ball
2-1: SINGLE (Groundball, 34D, EV 95.0 MPH)
Pinch Hitting: RHB Kenny Thissen 0-0: Called Strike
0-1: Ball
1-1: Foul Ball, location: 2F
1-2: Fly out, F8 (Flyball, 8RS, EV 80.0 MPH)
Bottom of the 8th over - 0 runs, 1 hit, 0 errors, 1 left on base; Florida State University 1 - University of Maine 7
TOP OF THE 9TH
Florida State University Seminoles batting - Pitching for University of Maine Black Bears : LHP Jose Urena
Pitching: RHP Brad Carte
Batting: LHB Alberto Chavez 0-0: Foul Ball, location: 2F
0-1: Foul Ball, location: 2F
0-2: Ball
1-2: Ball
2-2: Strikes out swinging
Batting: LHB John Shults 0-0: Swinging Strike
0-1: Ball
1-1: Ball
2-1: Ball
3-1: Base on Balls
Batting: RHB Joel Miller 0-0: Foul Ball, location: 2F
0-1: Foul Ball, location: 2F
0-2: Foul Ball, location: 2F
0-2: Ball
1-2: Ball
2-2: Ball
Wild Pitch!
John Shults to second
3-2: Foul Ball, location: 2F
3-2: Fly out, F8 (Line Drive, 8LM, EV 88.8 MPH)
Batting: RHB Brady Jeleniewski 0-0: Ball
1-0: Foul Ball, location: 2F
1-1: Ball
2-1: 2-RUN HOME RUN (Flyball, 7D, EV 94.4 MPH), Distance : 400 ft
Batting: RHB John Gibbs 0-0: Swinging Strike
0-1: Swinging Strike
0-2: Ball
1-2: Ball
2-2: Ball
3-2: Fly out, F9 (Flyball, 9, EV 89.4 MPH)
Top of the 9th over - 2 runs, 1 hit, 0 errors, 0 left on base; Florida State University 3 - University of Maine 7
Tuesday, September 13th , 2022 - OOTP Baseball 23.7 Build 88